 Dungeon Crawl Stone Soup version 0.18.1-50-g88ac8fd (webtiles) character file.

372 Gianozzolo the Changer (level 6, -5/51 HPs)
             Began as a Naga Transmuter on Nov 13, 2017.
             Was an Initiate of Cheibriados.
             Slain by an ice beast (11 damage)
             ... on level 5 of the Dungeon.
             The game lasted 00:10:35 (3686 turns).

Gianozzolo the Changer (Naga Transmuter)            Turns: 3686, Time: 00:10:36

Health: -5/51      AC:  6    Str: 14    XL:     6   Next: 71%
Magic:  8/9        EV:  7    Int: 15    God:    Cheibriados [......]
Gold:   199        SH:  0    Dex: 15    Spells: 3 memorised, 0 levels left

rFire  . . .     SeeInvis +       - Unarmed
rCold  . . .     Gourm    .     j - +0 leather armour
rNeg   . . .     Faith    .     (no shield)
rPois  +         Spirit   .     (no helmet)
rElec  .         Dismiss  .     (no cloak)
rCorr  .         Reflect  .     (no gloves)
SustAt .         Harm     .     i - -1 naga barding (curse)
MR     .....                    (no amulet)
Stlth  +.........               (no ring)
                                y - +2 ring of dexterity

@: short of breath, appendage, very slow, not resistant to hostile enchantments,
very unstealthy
A: horns 2, see invisible, deformed body, poison resistance, slowness 2, slow
metabolism 1, spit poison 2, AC +2
a: Spit Poison, End Transformation, Bend Time, Renounce Religion


You were on level 5 of the Dungeon.
You worshipped Cheibriados.
Cheibriados was noncommittal.
You were hungry.
You had grown temporary horns.
You visited 1 branch of the dungeon, and saw 5 of its levels.

You collected 199 gold pieces.

Inventory:

Armour
 i - a cursed -1 naga barding (worn)
 j - a +0 leather armour (worn)
 p - a +1 ring mail of magic resistance
Jewellery
 y - a +2 ring of dexterity (left hand)
Wands
 x - a wand of lightning (6/15)
Scrolls
 e - a scroll of fear {unknown}
 g - 2 scrolls of teleportation {unknown}
 h - 3 scrolls of remove curse {unknown}
 m - a scroll of random uselessness {unknown}
 z - a scroll of enchant weapon {unknown}
Potions
 a - a potion of berserk rage {unknown}
 b - a potion of degeneration {unknown}
 n - a potion of haste {unknown}
 o - a potion of heal wounds {unknown}
 q - a potion of mutation {unknown}
 r - 3 potions of invisibility {unknown}
 s - 2 potions of curing {unknown}
 v - 3 potions of brilliance {unknown}
Books
 c - a book of Changes

   Spells                             Type                      Level
   a - Beastly Appendage              Transmutation                1
   b - Sticks to Snakes               Transmutation                2
   c - Spider Form                    Transmutation/Poison         3
   d - Ice Form                       Ice/Transmutation            4
   e - Blade Hands                    Transmutation                5
 l - a book of Cantrips

   Spells                             Type                      Level
   a - Corona                         Hexes                        1
   b - Animate Skeleton               Necromancy                   1
   c - Summon Small Mammal            Summoning                    1
   d - Apportation                    Translocation                1
 w - Kikubaaqudgha's Papyrus of Dark Arts
   (You found it on level 4 of the Dungeon)

   Spells                             Type                      Level
   a - Animate Skeleton               Necromancy                   1
Comestibles
 d - 7 bread rations
 f - 2 meat rations
 k - 4 royal jellies
 t - a beef jerky
 u - 3 fruits


   Skills:
 - Level 1.0 Fighting
 - Level 1.5 Dodging
 + Level 4.4 Unarmed Combat
 - Level 2.0 Spellcasting
 * Level 5.7 Transmutations
 - Level 2.0 Poison Magic


You couldn't memorise any spells.
You knew the following spells:

 Your Spells              Type           Power        Failure   Level  Hunger
a - Beastly Appendage     Trmt           ###...       2%          1    #......
b - Spider Form           Trmt/Pois      ##........   21%         3    ###....
c - Blade Hands           Trmt           ###.......   80%         5    ######.


Dungeon Overview and Level Annotations

Branches:
Dungeon (5/15)
 Temple: D:4-7

Altars:
Cheibriados
Dithmenos
Kikubaaqudgha
Qazlal
Sif Muna
Vehumet
Zin

Shops:
D:5 ?


Innate Abilities, Weirdness & Mutations

You cannot wear boots.
Your serpentine skin is tough (AC +2).
You have supernaturally acute eyesight.
Armour fits poorly on your strangely shaped body.
Your system is resistant to poisons.
You cover ground very slowly.
You have a slow metabolism.
You can spit poison.
You have a pair of horns on your head.


Message History

The ice beast hits you. The ice beast freezes you!
* * * LOW HITPOINT WARNING * * *
Press: ? - help, Shift-Dir - straight line, f - ice beast
Aim: an ice beast (heavily wounded)
The splash of poison hits the ice beast.
The ice beast is heavily wounded.
You feel slightly more hungry. The ice beast hits you.
* * * LOW HITPOINT WARNING * * *
The ice beast freezes you!
* * * LOW HITPOINT WARNING * * *
Casting: Beastly Appendage
Confirm with . or Enter, or press ? or * to list all spells.
You grow a pair of large bovine horns.
The ice beast hits you but does no damage.
You hit the ice beast.
The ice beast is severely wounded.
The ice beast hits you.
* * * LOW HITPOINT WARNING * * *
The ice beast freezes you!
You die...

##### ...#
#######.###########
##.#......ZY@........#
.....#.....#########.#
........#...########.#
##.#.∩.##.#.>........#
#... ....########.#
...#.....## #.#
###.<...#.# #.# # .#.#
.# #.# ## #.#. .# #.#
#.


You could see an ice beast and a worker ant zombie.

Vanquished Creatures
  2 scorpions (D:4)
  A crimson imp (D:5)
  A hound (D:4)
  An orc priest (D:3)
  Jessica (D:3)
  4 adders
  4 gnolls (D:2)
  2 worms (D:2)
  A dart slug (D:1)
  4 giant geckos
  4 orcs
  11 bats
  5 giant cockroaches
  9 goblins
  5 hobgoblins
  3 jackals (D:4)
  2 quokkas
  2 giant newts (D:1)
  5 kobolds
  10 rats
77 creatures vanquished.

Notes
Turn   | Place    | Note
--------------------------------------------------------------
     0 | D:1      | Gianozzolo the Naga Transmuter began the quest for the Orb.
     0 | D:1      | Reached XP level 1. HP: 18/18 MP: 3/3
   221 | D:1      | Reached XP level 2. HP: 19/25 MP: 3/5
   573 | D:1      | Reached skill level 3 in Transmutations
   671 | D:1      | Reached XP level 3. HP: 19/31 MP: 4/6
   735 | D:2      | Learned a level 3 spell: Spider Form
   926 | D:2      | Found a snail-covered altar of Cheibriados.
  1046 | D:2      | Reached skill level 1 in Poison Magic
  1078 | D:2      | Reached XP level 4. HP: 26/38 MP: 4/7
  1715 | D:2      | Reached skill level 4 in Transmutations
  1853 | D:3      | Reached XP level 5. HP: 13/44 MP: 6/8
  2220 | D:3      | Noticed Jessica
  2223 | D:3      | Killed Jessica
  2603 | D:4      | Found a stormy altar of Qazlal.
  2761 | D:4      | Found a shadowy altar of Dithmenos.
  2846 | D:4      | Reached skill level 5 in Transmutations
  2846 | D:4      | Reached XP level 6. HP: 31/51 MP: 9/9
  2853 | D:4      | Learned a level 5 spell: Blade Hands
  2978 | D:4      | Found an ancient bone altar of Kikubaaqudgha.
  2978 | D:4      | Found a deep blue altar of Sif Muna.
  2980 | D:4      | Found a radiant altar of Vehumet.
  2983 | D:4      | Identified Kikubaaqudgha's Papyrus of Dark Arts
  3107 | D:4      | Found a glowing silver altar of Zin.
  3230 | D:2      | Became a worshipper of Cheibriados the Contemplative
  3312 | D:4      | Found a stormy altar of Qazlal.
  3463 | D:5      | Entered Level 5 of the Dungeon
  3660 | D:5      | Found Kenep's Magic Scroll Shop.
  3665 | D:5      | Noticed an ice beast
  3686 | D:5      | Slain by an ice beast

Skill      XL: |  1  2  3  4  5 |
---------------+----------------+-----
Transmutations | 3 4 5 |  5.7
Poison Magic   | 1 2 |  2.0
Unarmed Combat | 4 |  4.4
Fighting       | |  1.0
Dodging        | |  1.5
Spellcasting   | |  2.0

Action                   |  1- 3 |  4- 6 || total
-------------------------+-------+-------++-------
Melee: Unarmed           |   129 |   191 ||   320
       Headbutt          |     6 |    30 ||    36
       Punch             |       |     1 ||     1
 Cast: Beastly Appendage |    19 |    31 ||    50
 Abil: Spit Poison       |    11 |    21 ||    32
 Stab: Sleeping          |       |     1 ||     1
  Eat: Chunk             |     1 |     9 ||    10
Armor: Robe              |    35 |       ||    35
       Leather armour    |     6 |    75 ||    81
Dodge: Dodged            |    84 |    85 ||   169
